[Event "Early-Titled-Tuesday-Blitz-March-05-2024"]
[Site "Chess.com"]
[Date "2024.03.05"]
[Round "3"]
[White "marik_spb"]
[Black "BilicVladimir"]
[Result "0-1"]
[WhiteElo "2455"]
[BlackElo "2626"]
[TimeControl "180+1"]
[EndTime "8:29:11 PST"]
[Termination "BilicVladimir won by resignation"]

1. d4 c6 2. c4 d5 3. Nf3 Nf6 4. Nc3 dxc4 5. a4 Nd5 6. e4 Nxc3 7. bxc3 b5 8. d5 cxd5 9. exd5 Bb7 10. axb5 Qxd5 11.
Qxd5 Bxd5 12. Be3 a5 13. Ne5 Nd7 14. Nxc4 a4 15. Na3 Bb3 16. Bc4 e6 17. Bd3 Bc5 18.
Kd2 Bxe3+ 19. fxe3 Nc5 20. Ke2 Ke7 21. Bc2 Rhc8 22. c4 Bxc2 23. Nxc2 Nb3 24. Na3 Nxa1 25. Rxa1 Kd6 26. Rd1+ Kc5 27. Rd7 Kb4 28. b6 Rcb8 29.
Nb5 Kxc4 30. b7 Kxb5 31. bxa8=Q Rxa8 32. Rxf7 a3 33. Rf1 a2 34. Ra1 Kb4 35. Kd3 Kb3 36. Ke4 Kb2 0-1

[Event "Early-Titled-Tuesday-Blitz-March-05-2024"]
[Site "Chess.com"]
[Date "2024.03.05"]
[Round "3"]
[White "Actuary44"]
[Black "LaPiToB"]
[Result "1-0"]
[WhiteElo "2541"]
[BlackElo "2284"]
[TimeControl "180+1"]
[EndTime "8:29:12 PST"]
[Termination "Actuary44 won by resignation"]

1. e4 c6 2. d4 d5 3. Nc3 dxe4 4.
Nxe4 Nf6 5. Ng3 h5 6. Bd3 h4 7.
N3e2 c5 8. dxc5 Nc6 9. h3 e6 10. Be3 Nd5 11. Bd2 Bxc5 12. Nf3 Qb6 13. O-O Bd7 14. a3 Bd6 15. c4 Nf6 16. b4 Qc7 17. c5 Be7 18. Bf4 Qc8 19. Nc3 Nd5 20. Nxd5 exd5 21.
Re1 Be6 22. Ng5 Bxg5 23. Bxg5 a6 24. Qf3 Qd7 25. Rad1 f6 26. Bf5 Ne5 27. Rxe5 fxe5 28. Bg6+ Bf7 29. Rxd5 Qe6 30. Bxf7+ Qxf7 31. Rxe5+ 1-0

[Event "Early-Titled-Tuesday-Blitz-March-05-2024"]
[Site "Chess.com"]
[Date "2024.03.05"]
[Round "3"]
[White "Chesstiger64"]
[Black "FischerKasparow"]
[Result "1/2-1/2"]
[WhiteElo "2357"]
[BlackElo "2073"]
[TimeControl "180+1"]
[EndTime "8:29:14 PST"]
[Termination "Game drawn by repetition"]

1. d4 c5 2. d5 Nf6 3. Nc3 e6 4. e4 d6 5. Nf3 exd5 6. exd5 Be7 7. Bd3 O-O 8. Nd2 Na6 9. Nc4 Nc7 10. Qf3 b5 11.
Na5 b4 12. Nc6 Qd7 13. Ne4 Nfxd5 14. Nxe7+ Qxe7 15. O-O Be6 16. Re1 Nf6 17. Bg5 Ncd5 18. c4 bxc3 19. bxc3 h6 20. c4 hxg5 21. cxd5 Nxd5 22.
Nxc5 dxc5 23. Qxd5 Bxd5 24. Rxe7 Rfe8 25. Rc7 Rec8 26.
Re7 Re8 27. Rc7 Rec8 28. Re7 Re8 1/2-1/2

[Event "Early-Titled-Tuesday-Blitz-March-05-2024"]
[Site "Chess.com"]
[Date "2024.03.05"]
[Round "3"]
[White "SmirnovTimofey2000"]
[Black "maurovargas01"]
[Result "0-1"]
[WhiteElo "1942"]
[BlackElo "1846"]
[TimeControl "180+1"]
[EndTime "8:29:20 PST"]
[Termination "maurovargas01 won by resignation"]

1. e4 c6 2. d4 d5 3. e5 Bf5 4. h4 h6 5. g4 Be4 6. f3 Bh7 7. f4 e6 8. Bd3 Bxd3 9. Qxd3 Nd7 10. f5 c5 11. fxe6 fxe6 12. Qg6+ Ke7 13. Nh3 Qe8 14. Qxe8+ Kxe8 15. c3 cxd4 16. cxd4 Be7 17. h5 Rc8 18. Nc3 Nb6 19. Rf1 Bb4 20. Bd2 Ne7 21.
Nf4 Kd7 22. a3 Bxc3 23. Bxc3 Nc4 24. b3 Ne3 25. Bb4 Nxf1 26. Kxf1 Rhf8 27. Bd2 Rc2 28.
Ke2 Rxd2+ 29. Kxd2 Rxf4 30. Ke3 Re4+ 31. Kd3 Rxg4 32. Rf1 Nf5 33. Rc1 Rxd4+ 34. Ke2 Re4+ 35. Kd3 Rxe5 0-1

[Event "Early-Titled-Tuesday-Blitz-March-05-2024"]
[Site "Chess.com"]
[Date "2024.03.05"]
[Round "3"]
[White "bescmelasti"]
[Black "ContrVersia"]
[Result "0-1"]
[WhiteElo "2644"]
[BlackElo "2874"]
[TimeControl "180+1"]
[EndTime "8:29:22 PST"]
[Termination "ContrVersia won by resignation"]

1. e4 e5 2. Nf3 Nc6 3. Bc4 Bc5 4.
c3 Nf6 5. d4 exd4 6. b4 Bb6 7.
e5 d5 8. exf6 dxc4 9. Qe2+ Be6 10. fxg7 Rg8 11. b5 d3 12. Qe4 Ne7 13. O-O Rxg7 14.
Nbd2 Qd5 15. Re1 O-O-O 16. Qxd5 Nxd5 17. Nxc4 Bc5 18. Ne3 Nf4 19. g3 Ne2+ 20. Kf1 Bh3+ 21. Ng2 Rg6 22. Bd2 Rf6 23. Bf4 Nxf4 24. gxf4 Rxf4 0-1

[Event "Early-Titled-Tuesday-Blitz-March-05-2024"]
[Site "Chess.com"]
[Date "2024.03.05"]
[Round "3"]
[White "Christ_is_alive"]
[Black "WilsonPalencia21"]
[Result "0-1"]
[WhiteElo "2363"]
[BlackElo "2578"]
[TimeControl "180+1"]
[EndTime "8:29:27 PST"]
[Termination "WilsonPalencia21 won on time"]

1. e4 c5 2. Nf3 d6 3. d4 cxd4 4. Nxd4 Nf6 5. Nc3 g6 6. f4 Bg7 7.
e5 Nh5 8. Bb5+ Bd7 9. e6 fxe6 10. Nxe6 Bxc3+ 11. bxc3 Qc8 12. Bxd7+ Kxd7 13. Ng5 Qxc3+ 14.
Bd2 Qc4 15. Qg4+ e6 16. Kf2 Nf6 17. Qh3 Nc6 18. Rhe1 Rae8 19. Rad1 h6 20. Nf3 Qc5+ 21. Be3 Qf5 22. Nh4 Qxh3 23. gxh3 Rhg8 24. Bc5 Nd5 25. c4 dxc5 26. cxd5 Nd4 0-1

[Event "Early-Titled-Tuesday-Blitz-March-05-2024"]
[Site "Chess.com"]
[Date "2024.03.05"]
[Round "3"]
[White "Penafiel-Josselyne02"]
[Black "NewYearGirl"]
[Result "0-1"]
[WhiteElo "2061"]
[BlackElo "2361"]
[TimeControl "180+1"]
[EndTime "8:29:28 PST"]
[Termination "NewYearGirl won on time"]

1. d4 Nf6 2. c4 c5 3. d5 b5 4. cxb5 a6 5. bxa6 e6 6. Nc3 exd5 7. Nxd5 Be7 8. Nxe7 Qxe7 9. Nf3 O-O 10. a7 Rxa7 11.
Bf4 Nc6 12. Bd6 Qe4 13. Bxc5 Nb4 14. Rc1 Rc7 15. e3 Re8 16. Rc4 Qe6 17. Nd4 Qd5 18. Nb5 Rxc5 19. Qxd5 Rxd5 20. Rxb4 Rc5 21. Nd6 Rd8 22.
Be2 Ba6 0-1

[Event "Early-Titled-Tuesday-Blitz-March-05-2024"]
[Site "Chess.com"]
[Date "2024.03.05"]
[Round "3"]
[White "ActorXu"]
[Black "Kostya0705"]
[Result "1-0"]
[WhiteElo "2853"]
[BlackElo "2572"]
[TimeControl "180+1"]
[EndTime "8:29:32 PST"]
[Termination "ActorXu won by checkmate"]

1. e4 c5 2. Nf3 e6 3. d4 cxd4 4. Nxd4 Nc6 5. Nc3 Qc7 6. g3 a6 7. Bg2 Nf6 8. O-O Nxd4 9. Qxd4 Bc5 10. Bf4 d6 11. Qd2 h6 12. Rad1 e5 13. Be3 Bxe3 14.
fxe3 Be6 15. Qxd6 Qxd6 16. Rxd6 Nd7 17. Nd5 Bxd5 18. exd5 Ke7 19. Rxd7+ Kxd7 20. Rxf7+ Kd6 21. Rxg7 Rac8 22. Rg6+ Kc5 23. a3 a5 24. Kf2 b5 25.
Ke2 b4 26. a4 h5 27. Ra6 h4 28. Be4 hxg3 29. hxg3 Kc4 30. Rxa5 Rh2+ 31. Kf3 b3 32. Bd3+ Kb4 33. Rb5+ Kxa4 34. cxb3# 1-0

[Event "Early-Titled-Tuesday-Blitz-March-05-2024"]
[Site "Chess.com"]
[Date "2024.03.05"]
[Round "3"]
[White "Leo_C"]
[Black "The_Straightforward_Rook"]
[Result "1-0"]
[WhiteElo "2631"]
[BlackElo "2458"]
[TimeControl "180+1"]
[EndTime "8:29:34 PST"]
[Termination "Leo_C won by resignation"]

1. e4 c6 2. Nf3 d5 3. Nc3 dxe4 4. Nxe4 Nf6 5. Qe2 Nxe4 6. Qxe4 Qd5 7. Qh4 Qe6+ 8. Be2 Qg4 9. Qg3 Qxg3 10. hxg3 g6 11. d4 Bf5 12. c3 Bg7 13. Bf4 Nd7 14. O-O h5 15. Rfe1 O-O 16. Bc4 Nb6 17. Bb3 Rfe8 18. Nh4 Bg4 19. Nxg6 e6 20. Ne5 Nd5 21. Bd2 a5 22. Nxg4 hxg4 23. a4 b5 24. Re4 f5 25.
Re2 b4 26. c4 Nb6 27. Rae1 Kf7 28. Be3 Nd7 29. Rd1 Nf6 30. f3 Rad8 31. Kf2 Rd7 32.
Bc2 Red8 33. Red2 Kg6 34. b3 Bh6 35. Bxh6 Kxh6 36. Re1 Rxd4 37. Rxd4 Rxd4 38. Rxe6 Rd2+ 39. Re2 Rxe2+ 40. Kxe2 c5 41. Bxf5 1-0

[Event "Early-Titled-Tuesday-Blitz-March-05-2024"]
[Site "Chess.com"]
[Date "2024.03.05"]
[Round "3"]
[White "jimmy-schlumpf"]
[Black "djano"]
[Result "0-1"]
[WhiteElo "2325"]
[BlackElo "2554"]
[TimeControl "180+1"]
[EndTime "8:29:35 PST"]
[Termination "djano won by resignation"]

1. Nf3 g6 2. d4 Bg7 3. e4 d6 4.
Bc4 Nf6 5. Qe2 c6 6. Bb3 Kf8 7. O-O Bg4 8. h3 Bxf3 9. Qxf3 e6 10. Nc3 d5 11. e5 Nfd7 12. Ne2 c5 13. c3 c4 14. Bc2 Nc6 15. Qg3 b5 16. a3 Kg8 17.
f4 h6 18. Qf3 h5 19. g3 Ne7 20.
Kg2 Rb8 21. Bd2 a5 22. g4 Nc6 23. f5 hxg4 24. hxg4 Ndxe5 25. dxe5 Nxe5 26. Qg3 Rh4 27. f6 Rxg4 28. fxg7 Rxg3+ 29. Nxg3 b4 30. axb4 axb4 31. Be3 bxc3 32. bxc3 Rb2 33. Rac1 Nd3 34. Bd4 Nxc1 35. Rxc1 Qg5 36. Rh1 Rxc2+ 37. Kf3 e5 0-1

[Event "Early-Titled-Tuesday-Blitz-March-05-2024"]
[Site "Chess.com"]
[Date "2024.03.05"]
[Round "3"]
[White "GMSrinath"]
[Black "StankovicIvan"]
[Result "1-0"]
[WhiteElo "2818"]
[BlackElo "2519"]
[TimeControl "180+1"]
[EndTime "8:29:38 PST"]
[Termination "GMSrinath won by resignation"]

1. e4 c5 2. Nf3 Nc6 3. Bb5 g6 4.
O-O Bg7 5. Re1 Nf6 6. e5 Nd5 7. Nc3 Nc7 8. Bxc6 dxc6 9. Ne4 Ne6 10. d3 O-O 11. Be3 b6 12. Qd2 Re8 13. Bh6 Bh8 14.
a4 a5 15. h3 Qd5 16. Neg5 Nd4 17. Nxd4 cxd4 18. Qf4 c5 19. b3 Bb7 20. f3 Bc8 21.
Re2 Be6 22. Rae1 Rad8 23. h4 Bc8 24. h5 Bb7 25. Re4 Bc6 26. Qh2 Bb7 27. hxg6 hxg6 28. Rh4 f6 29. Bf8 fxg5 30. Rxh8+ Kf7 31. Qh7+ Ke6 32.
Qh3+ Kf7 33. Rh7+ Kg8 34. Rg7+ 1-0

[Event "Early-Titled-Tuesday-Blitz-March-05-2024"]
[Site "Chess.com"]
[Date "2024.03.05"]
[Round "3"]
[White "banane_verte"]
[Black "wannabe2700"]
[Result "0-1"]
[WhiteElo "2504"]
[BlackElo "2758"]
[TimeControl "180+1"]
[EndTime "8:29:38 PST"]
[Termination "wannabe2700 won on time"]

1. d4 f5 2. c4 Nf6 3. g3 g6 4. Bg2 Bg7 5. Nf3 O-O 6. O-O d6 7. d5 c6 8. Nc3 e5 9. dxe6 Bxe6 10. Qd3 Re8 11. Ng5 Nbd7 12. Nxe6 Rxe6 13. b3 Ne4 14.
Bb2 Ndc5 15. Qc2 Nxc3 16. Bxc3 Bxc3 17. Qxc3 Rxe2 18. Rfd1 Qe7 19. Qd4 a5 20. Qf4 Ne6 21. Qh6 Re8 22. Re1 Nd4 23. Rxe2 Qxe2 24. h4 Qb2 25. Rf1 Qxa2 26. h5 Re6 27. hxg6 hxg6 0-1

[Event "Early-Titled-Tuesday-Blitz-March-05-2024"]
[Site "Chess.com"]
[Date "2024.03.05"]
[Round "3"]
[White "baki83"]
[Black "AA95"]
[Result "1-0"]
[WhiteElo "2811"]
[BlackElo "2511"]
[TimeControl "180+1"]
[EndTime "8:29:40 PST"]
[Termination "baki83 won on time"]

1. e4 e5 2. Nf3 Nf6 3. Nxe5 d6 4. Nf3 Nxe4 5. d4 d5 6. Bd3 Bd6 7. O-O O-O 8. Nbd2 Bf5 9. Re1 Re8 10. Ne5 c5 11.
Qf3 Bxe5 12. Qxf5 Bxd4 13. Nxe4 dxe4 14. Bxe4 g6 15. Qf3 Nc6 16. c3 1-0

[Event "Early-Titled-Tuesday-Blitz-March-05-2024"]
[Site "Chess.com"]
[Date "2024.03.05"]
[Round "3"]
[White "LileKoridze"]
[Black "Hamisandwich"]
[Result "0-1"]
[WhiteElo "2433"]
[BlackElo "2606"]
[TimeControl "180+1"]
[EndTime "8:29:41 PST"]
[Termination "Hamisandwich won by resignation"]

1. d4 Nf6 2. c4 b6 3. Nf3 Bb7 4. g3 g6 5. Bg2 Bg7 6. O-O O-O 7. Nc3 Ne4 8. Qc2 Nxc3 9. Qxc3 c5 10. e3 Be4 11.
Qd2 Nc6 12. d5 Na5 13. Qe2 b5 14. cxb5 Bxd5 15. Nd2 Bxg2 16. Kxg2 d5 17. Rd1 Qb6 18. Nf3 e6 19. Rb1 c4 20. a4 Nb3 21. Bd2 a6 22. Bc3 axb5 23. axb5 Qxb5 24. Qc2 Rfd8 25. Bxg7 Kxg7 26.
Qc3+ Kg8 27. Ne5 Qa5 28. Qc2 Qc7 29. Qc3 Qa5 30. Qc2 Rac8 31. Ng4 h5 32. Ne5 Qb4 33. Nf3 Qf8 34. Nd4 Nxd4 35. exd4 Qb4 36. Qc3 Qxc3 37. bxc3 Rb8 38. f4 Rb3 39. Rxb3 cxb3 40.
Rb1 Rb8 41. Kf3 Kg7 42. Ke3 Kf6 43. Kd3 b2 44. Kc2 Kf5 45. Rxb2 Rxb2+ 46. Kxb2 Kg4 47. Kb3 Kh3 48. c4 dxc4+ 49. Kxc4 Kxh2 50. d5 exd5+ 0-1

[Event "Early-Titled-Tuesday-Blitz-March-05-2024"]
[Site "Chess.com"]
[Date "2024.03.05"]
[Round "3"]
[White "NowInChess"]
[Black "MasterKroket"]
[Result "0-1"]
[WhiteElo "2254"]
[BlackElo "2470"]
[TimeControl "180+1"]
[EndTime "8:29:44 PST"]
[Termination "MasterKroket won on time"]

1. e4 e5 2. Nf3 Nc6 3. d4 exd4 4. Bc4 Nf6 5. e5 d5 6. Bb5 Ne4 7. Nxd4 Bd7 8. Bxc6 bxc6 9. O-O Bc5 10. f3 Ng5 11. f4 Ne4 12. Be3 O-O 13. Nd2 Nxd2 14. Qxd2 Bb6 15.
Rae1 c5 16. Nb3 d4 17. Bf2 Bb5 18. f5 Bxf1 19. Rxf1 Qd5 20. Bg3 c4 21. Nc1 Rad8 22.
Qg5 h6 23. Qh4 d3+ 24. Kh1 d2 25. f6 dxc1=Q 26. Rxc1 Qd2 27. Rf1 Qg5 28. fxg7 Kxg7 29. Qxc4 Rd4 30. Qe2 Rd2 31. Qf3 Qg6 32. h4 Rd4 33. h5 Qg5 0-1

[Event "Early-Titled-Tuesday-Blitz-March-05-2024"]
[Site "Chess.com"]
[Date "2024.03.05"]
[Round "3"]
[White "Andrey_Klymchuk"]
[Black "Darius321"]
[Result "1-0"]
[WhiteElo "2705"]
[BlackElo "2377"]
[TimeControl "180+1"]
[EndTime "8:29:45 PST"]
[Termination "Andrey_Klymchuk won by resignation"]

1. e4 e5 2. Nf3 Nf6 3. Nxe5 d6 4.
Nf3 Nxe4 5. Nc3 Nf6 6. d4 d5 7. Bd3 Be7 8. O-O O-O 9. Ne5 Nbd7 10. Bf4 Re8 11. Re1 Nf8 12. h3 Be6 13. Qf3 Ng6 14. Nxg6 hxg6 15. Bxg6 Ne4 16. Nxe4 dxe4 17. Bxe4 Qxd4 18. c3 Qb6 19. Qh5 Bc5 20. Bg5 f5 21.
Bxf5 Bxf2+ 22. Kh1 Bd7 23. Bh7+ Kf8 24. Qf3+ 1-0

[Event "Early-Titled-Tuesday-Blitz-March-05-2024"]
[Site "Chess.com"]
[Date "2024.03.05"]
[Round "3"]
[White "lamomiajunior"]
[Black "LiadCuba"]
[Result "0-1"]
[WhiteElo "2732"]
[BlackElo "2519"]
[TimeControl "180+1"]
[EndTime "8:29:52 PST"]
[Termination "LiadCuba won by resignation"]

1. d4 d5 2. c4 e6 3. Nc3 Nf6 4.
cxd5 Nxd5 5. e4 Nxc3 6. bxc3 c5 7.
Rb1 Be7 8. Nf3 O-O 9. Bd3 Nc6 10. e5 cxd4 11. cxd4 Nb4 12. Bc4 b5 13. Bb3 Bb7 14.
O-O Bxf3 15. Qxf3 Qxd4 16. Bb2 Qh4 17. a3 Nd5 18. Bxd5 exd5 19. Qxd5 a6 20. g3 Qg4 21. f3 Qe6 22. Qe4 Rac8 23. f4 Rc4 24. Qe2 Rfc8 25. f5 Bc5+ 26. Kg2 Qd5+ 27. Qf3 Rc2+ 28. Kh3 Qd2 29.
Qb7 Qxh2+ 30. Kg4 h5+ 31. Kf3 Qg2+ 32. Kf4 Qxb7 0-1

[Event "Early-Titled-Tuesday-Blitz-March-05-2024"]
[Site "Chess.com"]
[Date "2024.03.05"]
[Round "3"]
[White "cthulhuuu"]
[Black "Alexei_Gubajdullin"]
[Result "1-0"]
[WhiteElo "2452"]
[BlackElo "2633"]
[TimeControl "180+1"]
[EndTime "8:29:52 PST"]
[Termination "cthulhuuu won by checkmate"]

1. e4 g6 2. d4 Bg7 3. Nc3 d6 4.
f4 a6 5. a4 Nd7 6. Nf3 e6 7.
Be2 Ne7 8. O-O O-O 9. Be3 b6 10. g4 c5 11. Qd2 cxd4 12. Nxd4 Bb7 13.
Bf3 e5 14. Nde2 exf4 15. Nxf4 Ne5 16. Rad1 Nxf3+ 17. Rxf3 Qd7 18. h3 f5 19. gxf5 gxf5 20. Rg3 fxe4 21. Rxg7+ Kxg7 22. Qg2+ Kf7 23. Qe2 Rg8+ 24.
Kh2 Qf5 25. Qc4+ d5 26. Qc7 d4 27. Rxd4 Qg5 28. Qxb7 Qg3+ 29. Kh1 Qxe3 30. Qxe7+ Kxe7 31. Ncd5+ Kf7 32. Nxe3 Rg3 33. Ng4 Rf3 34. Rd7+ Ke8 35. Nf6+ Kf8 36. Ne6# 1-0

[Event "Early-Titled-Tuesday-Blitz-March-05-2024"]
[Site "Chess.com"]
[Date "2024.03.05"]
[Round "3"]
[White "profedechess93"]
[Black "LionelMessiFCB"]
[Result "1-0"]
[WhiteElo "2646"]
[BlackElo "2471"]
[TimeControl "180+1"]
[EndTime "8:29:53 PST"]
[Termination "profedechess93 won by resignation"]

1. e4 c5 2. Nf3 d6 3. Bb5+ Nd7 4. d4 cxd4 5. Qxd4 a6 6. Bxd7+ Bxd7 7. Bg5 h6 8. Bh4 Nf6 9. Nc3 Rc8 10. O-O-O Qa5 11. e5 dxe5 12. Nxe5 Be6 13. Rhe1 g5 14. Bg3 Bg7 15. Ng6 Rg8 16. Nxe7 Nd5 17. Qxd5 Bxd5 18.
Nexd5+ Kd7 19. Nb4+ 1-0

[Event "Early-Titled-Tuesday-Blitz-March-05-2024"]
[Site "Chess.com"]
[Date "2024.03.05"]
[Round "3"]
[White "FredddieCroderg"]
[Black "ChessLebaneseSalah"]
[Result "0-1"]
[WhiteElo "2268"]
[BlackElo "2541"]
[TimeControl "180+1"]
[EndTime "8:29:53 PST"]
[Termination "ChessLebaneseSalah won by checkmate"]

1. e4 e5 2. Bc4 Nc6 3. Qf3 Nf6 4. c3 Bc5 5. d3 h6 6. h3 d6 7. g4 Be6 8. Ne2 Bxc4 9. dxc4 a5 10.
Ng3 Ne7 11. Nd2 Qd7 12. Ndf1 Qe6 13. Ne3 Bxe3 14. Bxe3 Qxc4 15. h4 d5 16. exd5 Qxg4 17. Qxg4 Nxg4 18. O-O-O Nxe3 19. fxe3 O-O 20. Rhg1 Kh7 21.
Ne4 Rfd8 22. c4 b5 23. b3 a4 24. Kb2 axb3 25. axb3 bxc4 26. bxc4 Rdb8+ 27. Kc3 Ra3+ 28.
Kc2 Nf5 29. Rde1 Nxe3+ 30. Kc1 Nxc4 31. Ref1 Rb2 32. Rxf7 Ra1# 0-1

[Event "Early-Titled-Tuesday-Blitz-March-05-2024"]
[Site "Chess.com"]
[Date "2024.03.05"]
[Round "3"]
[White "kyuotbi"]
[Black "Agibileg"]
[Result "0-1"]
[WhiteElo "2305"]
[BlackElo "2651"]
[TimeControl "180+1"]
[EndTime "8:29:54 PST"]
[Termination "Agibileg won on time"]

1. e4 e5 2. Nf3 Nc6 3. Bb5 a6 4. Ba4 Nf6 5. O-O d6 6. Bxc6+ bxc6 7. Nc3 c5 8. d3 g6 9. Bg5 h6 10. Be3 Bg7 11. h3 O-O 12. Nd2 Nh5 13. Nd5 c6 14.
Nc3 Qe8 15. Nc4 Qe7 16. a4 Be6 17. Ne2 f5 18. f3 f4 19. Bf2 g5 20. c3 Nf6 21.
Nd2 Rab8 22. Rb1 h5 23. d4 cxd4 24. cxd4 g4 25. hxg4 hxg4 26. Qc2 g3 27. Bxg3 fxg3 28. Nxg3 Bh6 29. Nc4 Bxc4 30. Qxc4+ d5 31. Qc2 Be3+ 32. Rf2 Ng4 33. Nf5 Bxf2+ 0-1

[Event "Early-Titled-Tuesday-Blitz-March-05-2024"]
[Site "Chess.com"]
[Date "2024.03.05"]
[Round "3"]
[White "Nuvas"]
[Black "Shahdad2007"]
[Result "0-1"]
[WhiteElo "2806"]
[BlackElo "2559"]
[TimeControl "180+1"]
[EndTime "8:29:55 PST"]
[Termination "Shahdad2007 won by resignation"]

1. d4 Nf6 2. c4 g6 3. Nc3 Bg7 4.
Nf3 O-O 5. g3 c5 6. Bg2 cxd4 7.
Nxd4 d6 8. O-O Nc6 9. Nxc6 bxc6 10. Bxc6 Bh3 11. Bxa8 Qxa8 12. f3 Bxf1 13. Kxf1 Qc8 14.
Qd3 Nd7 15. b3 Nc5 16. Qe3 d5 17. cxd5 e6 18. Ba3 exd5 19. Bxc5 Re8 20. Qf2 Bxc3 21. Rd1 Qf5 22. Rd3 d4 23. Bxd4 Bxd4 24. Qxd4 Qh3+ 25. Ke1 Qxh2 26. Re3 Qxg3+ 27. Kd2 Rc8 28. Qd7 Qb8 29. Re7 Rd8 0-1

[Event "Early-Titled-Tuesday-Blitz-March-05-2024"]
[Site "Chess.com"]
[Date "2024.03.05"]
[Round "3"]
[White "SharapovEvgeny"]
[Black "Rodalquilar"]
[Result "0-1"]
[WhiteElo "2544"]
[BlackElo "2805"]
[TimeControl "180+1"]
[EndTime "8:29:56 PST"]
[Termination "Rodalquilar won by resignation"]

1. e4 d5 2. exd5 Qxd5 3. Nc3 Qa5 4. d4 Nf6 5. Nf3 Bf5 6. Bc4 e6 7. Qe2 Bb4 8. Bd2 O-O 9. Bb3 Nc6 10. a3 Rad8 11. O-O Bxc3 12. Bxc3 Qb6 13. Qe3 Rfe8 14.
h3 h6 15. Rad1 Be4 16. Ne5 Nxe5 17. dxe5 Qxe3 18. fxe3 Nd7 19. Rd4 Nc5 20. Rfd1 Rxd4 21. Rxd4 Bc6 22. Ba2 Na4 23. Kf2 Nxc3 24. bxc3 Kf8 25.
g3 Ke7 26. Bb3 a5 27. Bc4 a4 28. Rd2 Ra8 29. Rd4 Ra5 30. Rg4 g6 31. Rh4 h5 32.
g4 hxg4 33. hxg4 Rxe5 34. Rh8 Rc5 35. Bd3 Rxc3 36. Rc8 Bd7 37. Rb8 b6 38. Rb7 Kd6 0-1

[Event "Early-Titled-Tuesday-Blitz-March-05-2024"]
[Site "Chess.com"]
[Date "2024.03.05"]
[Round "3"]
[White "diamonds13"]
[Black "BillCoe"]
[Result "0-1"]
[WhiteElo "2358"]
[BlackElo "2109"]
[TimeControl "180+1"]
[EndTime "8:29:56 PST"]
[Termination "BillCoe won by resignation"]

1. d4 d5 2. c4 e6 3. Nc3 Be7 4. cxd5 exd5 5. h3 c6 6. Bf4 Nf6 7. e3 Bf5 8. g4 Bg6 9. Bg2 Nbd7 10. Nge2 O-O 11. Qd2 Nb6 12. b3 Re8 13. f3 Bb4 14. a3 Bxc3 15. Qxc3 Rc8 16. h4 h6 17. h5 Bh7 18. g5 hxg5 19. Bxg5 Qd6 20. Bf4 Qe7 21. h6 g6 22. Qc5 Qxc5 23. dxc5 Nbd7 24. b4 Ne5 25.
O-O-O Nc4 26. Bh3 Rcd8 27. Bg5 Nxe3 28. Bxf6 Nxd1 29. Bxd8 Nf2 30. Rh2 Rxe2 31. Rxf2 Rxf2 32. Bc8 Rxf3 33. Bxb7 Rxa3 34. Bxc6 Rb3 35. Bxd5 Rxb4 36. c6 g5 37. Bxg5 Rb5 38. c7 Rc5+ 39. Kb2 Rxc7 40. Be3 Bf5 41. Ka3 Be6 42. Bxe6 fxe6 43. Kb4 Kh7 0-1

[Event "Early-Titled-Tuesday-Blitz-March-05-2024"]
[Site "Chess.com"]
[Date "2024.03.05"]
[Round "3"]
[White "Grandelicious"]
[Black "GelmanAlexander"]
[Result "0-1"]
[WhiteElo "2889"]
[BlackElo "2678"]
[TimeControl "180+1"]
[EndTime "8:29:57 PST"]
[Termination "GelmanAlexander won by resignation"]

1. Nf3 c5 2. e3 d6 3. d4 Nd7 4. d5 Ngf6 5. Nc3 a6 6. a4 g6 7. e4 Bg7 8. Be2 O-O 9. O-O b6 10.
h3 Ne8 11. Bf4 Ne5 12. Nd2 Nc7 13. Bg3 Rb8 14. f4 Nd7 15. Nc4 b5 16. axb5 axb5 17. Na5 Bb7 18. Nc6 Bxc6 19. dxc6 Nb6 20. e5 b4 21. Ne4 Ncd5 22. Rf3 Rc8 23. Rd3 dxe5 24. fxe5 Rxc6 25. c4 bxc3 26. bxc3 c4 27. Rd4 e6 28. Nd6 Rxd6 29. exd6 Nxc3 30. Rc1 Bxd4+ 0-1

[Event "Early-Titled-Tuesday-Blitz-March-05-2024"]
[Site "Chess.com"]
[Date "2024.03.05"]
[Round "3"]
[White "DishonorOnYourCow"]
[Black "BashirliSaadat"]
[Result "1/2-1/2"]
[WhiteElo "2566"]
[BlackElo "2363"]
[TimeControl "180+1"]
[EndTime "8:29:58 PST"]
[Termination "Game drawn by repetition"]

1. d4 Nf6 2. c4 g6 3. Nc3 Bg7 4.
e4 d6 5. f4 O-O 6. Nf3 c5 7.
d5 Nfd7 8. Bd3 a6 9. a4 b6 10.
O-O e6 11. dxe6 fxe6 12. f5 Ne5 13. Nxe5 Bxe5 14. Bh6 Bg7 15. Bxg7 Kxg7 16. fxg6 Rxf1+ 17. Qxf1 hxg6 18. Qf4 Nc6 19. Rf1 Ne5 20. Be2 Ra7 21. Qg3 Rf7 22. Nd1 Rxf1+ 23. Bxf1 Qf6 24. Ne3 Bb7 25. h4 Bxe4 26. h5 g5 27. Be2 Qf4 28. Qh3 Bf5 29. h6+ Kh7 30. Nxf5 Qxf5 31. Qb3 Kxh6 32.
Qxb6 Qb1+ 33. Bf1 Qd1 34. Qd8 Qd4+ 35. Kh1 Qh4+ 36. Kg1 Qd4+ 37. Kh1 Qh4+ 38. Kg1 Qd4+ 1/2-1/2

[Event "Early-Titled-Tuesday-Blitz-March-05-2024"]
[Site "Chess.com"]
[Date "2024.03.05"]
[Round "3"]
[White "wadsy27"]
[Black "DuleMudule"]
[Result "0-1"]
[WhiteElo "2616"]
[BlackElo "2867"]
[TimeControl "180+1"]
[EndTime "8:30:00 PST"]
[Termination "DuleMudule won on time"]

1. Nf3 d5 2. g3 Nc6 3. d4 Bf5 4. Bg2 Nb4 5. Na3 c6 6. O-O h6 7. c3 Na6 8. b4 Nc7 9. Nc2 a5 10.
Bb2 e6 11. a3 Nf6 12. Nd2 Be7 13. Re1 O-O 14. e4 dxe4 15. Nxe4 Nxe4 16. Bxe4 Bxe4 17. Rxe4 Nb5 18. Re1 Nd6 19. Qd3 b5 20. Ne3 Bg5 21. f4 Bf6 22. c4 bxc4 23. Nxc4 axb4 24. axb4 Rxa1 25. Rxa1 Nb5 26. Rd1 Qd5 27. Ne5 Rd8 28. Kf2 Bxe5 29. fxe5 Ra8 30. Rd2 Ra4 31. Qf3 Rxb4 32.
Qxd5 cxd5 33. g4 g5 34. Kg2 Rb3 35. h3 Kg7 36. Rc2 Rd3 0-1

[Event "Early-Titled-Tuesday-Blitz-March-05-2024"]
[Site "Chess.com"]
[Date "2024.03.05"]
[Round "3"]
[White "viktorgen2021"]
[Black "viviania"]
[Result "0-1"]
[WhiteElo "2517"]
[BlackElo "2890"]
[TimeControl "180+1"]
[EndTime "8:30:00 PST"]
[Termination "viviania won by resignation"]

1. Nf3 Nf6 2. c4 c5 3. g3 b6 4.
Bg2 Bb7 5. O-O g6 6. d3 Bg7 7.
Nc3 O-O 8. Rb1 d5 9. cxd5 Nxd5 10. Bd2 Nc6 11. a3 Rc8 12. Nxd5 Qxd5 13. Bc3 Qd6 14.
Qd2 Rfd8 15. Rfd1 a5 16. Bxg7 Kxg7 17. h4 h6 18. h5 g5 19. Rbc1 e5 20. Qe3 Nd4 21.
Kf1 Re8 22. b4 Bxf3 23. exf3 cxb4 24. Rxc8 Rxc8 25. axb4 axb4 26. Rc1 Rxc1+ 27. Qxc1 b3 28. f4 Qc5 29. Qe1 b2 0-1

[Event "Early-Titled-Tuesday-Blitz-March-05-2024"]
[Site "Chess.com"]
[Date "2024.03.05"]
[Round "3"]
[White "martinmena"]
[Black "Sebastian"]
[Result "0-1"]
[WhiteElo "2317"]
[BlackElo "2910"]
[TimeControl "180+1"]
[EndTime "8:30:02 PST"]
[Termination "Sebastian won by checkmate"]

1. c4 g6 2. g3 c5 3. Bg2 Bg7 4. Nc3 Nc6 5. e4 e6 6. Nge2 Nge7 7. O-O d6 8. d3 O-O 9. Be3 Nd4 10. Qd2 Nec6 11. Bh6 Bxh6 12. Qxh6 Qf6 13. Qf4 Nxe2+ 14. Nxe2 Qxb2 15. Rfe1 Qe5 16. Qh4 Nd4 17. Rab1 Nxe2+ 18. Rxe2 b6 19. Kh1 Bb7 20. f4 Qd4 21. Rd1 Rae8 22. g4 Bc6 23. Qh3 b5 24. f5 exf5 25. gxf5 bxc4 26.
Rf1 cxd3 27. Rd2 Bxe4 28. f6 Bxg2+ 29. Rxg2 d2 30. Qh6 Qxf6 31. Rxf6 d1=Q+ 32. Rg1 Qd5+ 33. Rg2 Re1+ 34. Rf1 Rxf1# 0-1